 Dungeon Sprint DCSS version 0.29.1-15-g9cfb28693d (webtiles) character file.

Game seed: 4175685752583172296

64560 Revguard the Sculptor of Flesh (level 14, -19/133 HPs)
             Began as a Demonspawn Fighter on Mar 10, 2023.
             Was a High Priest of Yredelemnul.
             Demolished by a shard shrike (61 damage)
             ... in the Dungeon (Sprint V: "Ziggurat Sprint").
             The game lasted 00:28:54 (1614 turns).

Revguard the Sculptor of Flesh (Demonspawn Fighter) Turns: 1614, Time: 00:28:57

Health: -19/133    AC: 43    Str: 22    XL:     14   Next: 72%
Magic:  32/34      EV: 11    Int: 15    God:    Yredelemnul [*****.]
Gold:   0          SH: 31    Dex: 10    Spells: 13/13 levels left

rFire   . . .      SeeInvis +   B - +14 obsidian axe {vorpal, Mesm Drain Fly SInv}
rCold   . . .      Faith    .   D - +18 shield of the Gong {rElec rN+ Will+ EV-5}
rNeg    + + .      Spirit   .   C - +15 Maxwell's patent armour {-Cast -Tele rElec Will+ rCorr}
rPois   .          Reflect  .   (helmet unavailable)
rElec   +          Harm     .   (no cloak)
rCorr   +          Rampage  .   (no gloves)
Will    +++..      NoTele   +   J - +0 pair of boots of Nuucovvieb {rN+ Str+4 Int+4 Dex-3}
Stlth   .......... NoCast   +   G - amulet of regeneration
HPRegen 1.12/turn               a - ring of Vunloodgh {MP+9 Slay+3}
MPRegen 0.24/turn               v - ring of the Tortoise {AC+8}

@: agile, flying, mesmerised, studying 3 skills, recalling
A: antennae 3, slimy green scales 1, foul stench 3, powered by pain 2, low MP 1,
screaming 1, weak 1
a: Renounce Religion, Stop Recall, Dark Bargain, Drain Life, Bind Soul


You were in the Dungeon.
You worshipped Yredelemnul.
Yredelemnul was greatly pleased with you.
You visited 1 branch

Inventory:

Hand Weapons
 B - the +14 obsidian axe (weapon) {vorpal, Mesm Drain Fly SInv}
   (You found it in the Dungeon)

   It inflicts extra damage upon your enemies.
   It occasionally summons demons to assist the wielder when it strikes in
   combat.
   Its wielder is mesmerised by any visible foes.
   It cannot be unequipped while any foes are visible.
   SInv:      It lets you see invisible.
   Fly:       It grants you flight.
   Drain:     It drains your maximum health when unequipped.
Armour
 t - the +3 pair of mountain boots {steadfast, rC+}
   (You found it in the Dungeon)

   It prevents involuntary movement, except for blinking, teleportation, or
   banishment.
   rC:        It protects you from cold.
 C - the +15 Maxwell's patent armour (worn) {-Cast -Tele rElec Will+ rCorr}
   (You found it in the Dungeon)

   rElec:     It insulates you from electricity.
   -Cast:     It prevents spellcasting.
   -Tele:     It prevents most forms of teleportation.
   rCorr:     It protects you from acid and corrosion.
   Will:      It increases your willpower.
 D - the +18 shield of the Gong (worn) {rElec rN+ Will+ EV-5}
   (You found it in the Dungeon)

   It is deafeningly noisy when blocking attacks.
   EV:        It affects your evasion (-5).
   rElec:     It insulates you from electricity.
   rN:        It protects you from negative energy.
   Will:      It increases your willpower.
 J - the +0 pair of boots of Nuucovvieb (worn) {rN+ Str+4 Int+4 Dex-3}
   (You found it in the Dungeon)

   Str:       It affects your strength (+4).
   Int:       It affects your intelligence (+4).
   Dex:       It affects your dexterity (-3).
   rN:        It protects you from negative energy.
Jewellery
 a - the ring of Vunloodgh (left hand) {MP+9 Slay+3}
   (You found it in the Dungeon)

   [ring of magical power]

   Slay:      It affects your accuracy & damage with ranged weapons and melee
   (+3).
   MP:        It affects your magic capacity (+9).
 b - a ring of protection from fire
 c - an amulet of guardian spirit
 n - a ring of willpower
 s - a ring of flight
 u - the amulet "Juit" {Acrobat Rampage rF- rC+}
   (You found it in the Dungeon)

   [amulet of the acrobat]

   It increases your evasion while moving and waiting.
   rF:        It makes you vulnerable to fire.
   rC:        It protects you from cold.
   Rampage:   It bestows one free step when moving towards enemies.
 v - the ring of the Tortoise (right hand) {AC+8}
   (You found it in the Dungeon)

   [ring of protection]

   AC:        It affects your AC (+8).
 w - the ring "Bit Nazo" {rF- rC+ Int+4 Dex+6}
   (You found it in the Dungeon)

   [ring of protection from cold]

   Int:       It affects your intelligence (+4).
   Dex:       It affects your dexterity (+6).
   rF:        It makes you vulnerable to fire.
   rC:        It protects you from cold.
 x - a +4 ring of protection
 y - the ring of Juarif {Wiz Int+2}
   (You found it in the Dungeon)

   [ring of wizardry]

   It improves your spell success rate.
   Int:       It affects your intelligence (+2).
 A - an amulet of magic regeneration
 E - the ring of the Country {Ice rN++ Str+2 Int-3 Stlth+}
   (You found it in the Dungeon)

   [ring of ice]

   It enhances your ice magic.
   Str:       It affects your strength (+2).
   Int:       It affects your intelligence (-3).
   rF:        It makes you vulnerable to fire.
   rC:        It protects you from cold.
   rN:        It greatly protects you from negative energy.
   Stlth:     It makes you more stealthy.
 F - an amulet of the acrobat
 G - an amulet of regeneration (around neck)
 H - a +6 ring of strength
Wands
 z - a wand of mindburst (7)
Scrolls
 j - 4 scrolls of blinking
 o - 4 scrolls of amnesia
 p - 7 scrolls of fog
 q - 5 scrolls of identify
 r - 2 scrolls of fear
 I - 4 scrolls of enchant weapon
 K - 6 scrolls of brand weapon
 L - 4 scrolls of enchant armour
Potions
 d - 5 potions of might
 e - 10 potions of curing
 f - 6 potions of heal wounds
 g - 14 potions of haste
 h - 7 potions of magic
 i - 2 potions of berserk rage
 k - 2 potions of brilliance
 l - 2 potions of invisibility
 m - 3 potions of resistance
Miscellaneous
 O - a condenser vane
 P - a tin of tremorstones (2/2)


   Skills:
 + Level 19.2 Fighting
 + Level 15.5 Axes
 + Level 15.6 Armour
 + Level 17.2 Dodging
 + Level 15.6 Shields
 + Level 20.7 Invocations
 + Level 18.5 Evocations


You had 13 spell levels left.
You didn't know any spells.
Your spell library contained the following spells:

 Spells                   Type           Power      Damage    Failure   Level
 Magic Dart               Conj           0%         1d3       99%         1
 Necrotise                Necr           0%         1d4       99%         1
 Sting                    Tmut/Pois      0%         1d3       99%         1
 Call Imp                 Summ           0%         N/A       99%         2
 Poisonous Vapours        Pois/Air       0%         N/A       99%         2
 Sublimation of Blood     Necr           0%         N/A       99%         2
 Wereblood                Tmut           0%         N/A       99%         2
 Frozen Ramparts          Ice            0%         1d1       100%        3
 Ignite Poison            Fire/Tmut/Pois 0%         N/A       100%        3
 Inner Flame              Hex/Fire       0%         N/A       100%        3
 Mephitic Cloud           Conj/Pois/Air  0%         N/A       100%        3
 Ozocubu's Armour         Ice            0%         N/A       100%        3
 Stone Arrow              Conj/Erth      0%         3d7       100%        3
 Vampiric Draining        Necr           0%         2d6       100%        3
 Airstrike                Air            0%         2d(0-16)  100%        4
 Animate Armour           Summ/Erth      0%         N/A       100%        4
 Cause Fear               Hex            0%         N/A       100%        4
 Fulminant Prism          Conj/Hex       0%         3d6       100%        4
 Hailstorm                Conj/Ice       0%         3d3       100%        4
 Ice Form                 Ice/Tmut       0%         N/A       100%        4
 Iskenderun's Mystic Bla  Conj/Tloc      0%         2d3       100%        4
 Olgreb's Toxic Radiance  Pois           0%         N/A       100%        4
 Petrify                  Tmut/Erth      0%         N/A       100%        4
 Summon Ice Beast         Ice/Summ       0%         N/A       100%        4
 Summon Lightning Spire   Summ/Air       0%         N/A       100%        4
 Agony                    Necr           0%         N/A       100%        5
 Alistair's Intoxication  Tmut/Pois      0%         N/A       100%        5
 Blade Hands              Tmut           0%         N/A       100%        5
 Irradiate                Conj/Tmut      0%         3d11      100%        5
 Lee's Rapid Deconstruct  Erth           0%         3d5*      100%        5
 Lightning Bolt           Conj/Air       0%         1d11      100%        5
 Metabolic Englaciation   Hex/Ice        0%         N/A       100%        5
 Summon Forest            Summ/Tloc      0%         N/A       100%        5
 Eringya's Noxious Bog    Tmut/Pois      0%         N/A       100%        6
 Statue Form              Tmut/Erth      0%         N/A       100%        6
 Dragon Form              Tmut           0%         N/A       100%        7
 Haunt                    Necr/Summ      0%         N/A       100%        7
 Malign Gateway           Summ/Tloc      0%         N/A       100%        7
 Ozocubu's Refrigeration  Ice            0%         4d7       100%        7
 Summon Hydra             Summ           0%         N/A       100%        7
 Discord                  Hex            0%         N/A       100%        8
 Infestation              Necr           0%         N/A       100%        8
 Lehudib's Crystal Spear  Conj/Erth      0%         10d2      100%        8
 Summon Horrible Things   Summ           0%         N/A       100%        8
 Dragon's Call            Summ           0%         N/A       100%        9
 Animate Dead             Necr           Unusable   N/A       N/A         4
 Simulacrum               Ice/Necr       Unusable   N/A       N/A         6

Dungeon Overview and Level Annotations

Branches:
Dungeon (1/1)

Altars:
Ashenzari
Cheibriados
Dithmenos
Fedhas
Gozag
Hepliaklqana
Kikubaaqudgha
Makhleb
Nemelex Xobeh
Okawaru
Qazlal
Ru
Sif Muna
Trog
Uskayaw
Vehumet
Wu Jian
Xom
Yredelemnul
Jiyva
Lugonu


Innate Abilities, Weirdness & Mutations

You have a pair of large antennae on your head. (SInv)
You are partially covered in slimy green scales. (AC +2)
You frequently emit foul miasma when damaged in melee.
You sometimes gain power by taking damage.
Your magical capacity is low. (-10% MP)
You occasionally shout uncontrollably at your foes.
You are weak. (Str -2)


Message History

You feel agile all of a sudden.
The Ice Fiend roars!
Okay, then.
You begin recalling your allies.
Your bound acid blob is recalled.
Your shadow dragon zombie is recalled.
Your vault guard zombie is recalled.
You block the shard shrike's attack.
GONNNNG!
The hellion gestures at you.
The sphere of damnation explodes!
The damnation engulfs you!
The damnation engulfs your bound acid blob!
The damnation engulfs your shadow dragon zombie!!
The damnation engulfs your rockslime zombie!
A nargun comes into view.
The titan waves its arms in wide circles.
The air twists around and strikes you.
* * * LOW HITPOINT WARNING * * *
The wendigo fires a burst of electricity at you.
The stunning burst hits your bound acid blob!
Your bound acid blob is paralysed.
The stunning burst hits you. You resist.
You suddenly lose the ability to move!
* * * LOW HITPOINT WARNING * * *
The stunning burst hits your rockslime zombie.
Your rockslime zombie is paralysed.
A nargun comes into view. x2
The Ice Fiend calls on the powers of darkness!
The shard shrike convulses!
The frost giant convulses!
The titan convulses!
The shard shrike convulses! x2; Your body is wracked with pain!
* * * LOW HITPOINT WARNING * * *
You focus on the pain.
You feel more agile all of a sudden.
You can move again.
You can now drain ambient life force.
You can now bind living souls.
You feel much better.
Visions of slaying the shard shrike flood into your mind.
Your shadow dragon zombie is recalled.
Your acid blob zombie is recalled.
Your rockslime zombie is no longer paralysed.
Your bound acid blob is no longer paralysed.
The shard shrike claws you. The shard shrike freezes you!!!
You die...
Your body rises from the dead as a mindless zombie.

{{ { { {{ ▓........
..)19)}|919)|..▓........
....1R1bZ2)....▓........
..C.R..9R9.9...▓..▓.....
...1.ZCZ1911...▓.▓▓▓....
......Wb1Z.....▓..▓.....
...............▓........
......Z.Z......▓......©.
......b@.......▓▓▓▓▓▓▓▓▓
...▓...ZZ..▓... .
▓▓Z....▓▓ .
...▓.......▓...
...............
.......©.......
▓▓▓▓▓▓▓▓▓▓▓▓▓▓▓


{{{{{{{{{{{{{ You could see a titan, 3 shard shrikes, a frost giant, 9 Ice
Fiends, 3 wendigos, 7 narguns, a freezing wraith, a hellion (ally target), a bat
simulacrum, 2 quokka simulacra, a friendly bound acid blob, 2 friendly shadow
dragon zombies, a friendly acid blob zombie, a friendly vault guard zombie and a
friendly rockslime zombie.

Vanquished Creatures
  A lich (D)
  An acid blob (D)
  A shadow dragon (D)
  4 rockslimes (D)
  3 fire giants (D)
  An azure jelly (D)
  A ghoul (D)
  A quicksilver ooze (D)
  A stone giant (D)
  2 very ugly things (D)
  2 rockslime zombies (D)
  A vampire knight (D)
  2 merfolk impalers (D)
  A mummy priest (D)
  3 merfolk javelineers (D)
  2 yaktaur captains (D)
  11 vault guards (D)
  3 fire dragons (D)
  A great orb of eyes (D)
  A merfolk aquamancer (D)
  A death scarab (D)
  2 hell hogs (D)
  A soul eater (D)
  2 skeletal warriors (D)
  A sea snake (D)
  A glowing orange brain (D)
  A deep elf pyromancer (D)
  A hell hog zombie (D)
  A fire giant zombie (D)
  2 manticores (D)
  5 shining eyes (D)
  2 draconians (D)
  3 eyes of devastation (D)
  A torpor snail (shapeshifter) (D)
  A yaktaur zombie (D)
  A spectral glowing orange brain (D)
  An efreet (D)
  3 guardian mummies (D)
  3 human zombies (D)
  2 merfolk zombies (D)
  13 slime creatures (D)
  A fire dragon zombie (D)
  2 spectral floating eyes (D)
  A dream sheep (shapeshifter) (D)
  2 snapping turtles (D)
  3 flying skulls (D)
  A shadow (D)
  2 ushabtiu (D)
  A vampire (D)
  2 golden eyes (D)
  4 fire elementals (D)
  5 slime creature zombies (D)
  A small abomination (D)
  A neqoxec (D)
  3 floating eyes (D)
  2 hell hounds (D)
  A black bear (D)
  A spectral golden eye (D)
  A wolf (D)
  A snapping turtle zombie (D)
  A necrophage (D)
  A hell hound zombie (D)
  2 scorpions (D)
  2 wights (D)
  2 quasits (D)
  6 jellies (D)
  10 mummies (D)
  A shadow imp (D)
  A white imp (D)
  2 ufetubi (D)
  3 adder zombies (D)
  A jelly zombie (D)
  An adder skeleton (D)
  A bat skeleton (D)
  A bat zombie (D)
  7 endoplasms (D)
  A ball python skeleton (D)
  3 ball python zombies (D)
  2 endoplasm zombies (D)
  A jackal skeleton (D)
  2 jackal zombies (D)
  2 quokka zombies (D)
  A spectral quokka (D)
  2 fire vortices (D)
182 creatures vanquished.

Vanquished Creatures (collateral kills)
  2 shadow dragons (D)
  An azure jelly (D)
  4 rockslimes (D)
  2 ghouls (D)
  A very ugly thing (D)
  A starcursed mass (D)
  A mummy priest (D)
  A two-headed ogre (shapeshifter) (D)
  A soul eater (D)
  A deep elf knight (D)
  2 deep elf archers (D)
  A deep elf pyromancer (D)
  2 ugly things (D)
  A moth of wrath (shapeshifter) (D)
  A shining eye (D)
  3 eyes of devastation (D)
  A human zombie (D)
  3 slime creatures (D)
  A jumping spider (D)
  A water elemental (D)
  2 spriggans (D)
  An elf zombie (D)
  A black bear (D)
  A floating eye (D)
  A spectral eye of devastation (D)
  A wolf (D)
  A scorpion (D)
  An earth elemental (D)
  A crimson imp (D)
  A jelly (D)
  3 iron imps (D)
  2 shadow imps (D)
  An ufetubus (D)
  2 adder zombies (D)
  4 endoplasms (D)
  A ball python skeleton (D)
  A ball python zombie (D)
56 creatures vanquished.

Vanquished Creatures (others)
  A jumping spider zombie (D)
  A spectral shining eye (D)
  A manticore zombie (D)
  A jelly zombie (D)
  A spectral iron imp (D)
  A spectral white imp (D)
  An endoplasm zombie (D)
  2 spectral ufetubi (D)
  A fire vortex (D)
10 creatures vanquished.

Grand Total: 248 creatures vanquished

Notes
Turn   | Place    | Note
-------+----------+-------------------------------------------
     0 | D        | Revguard the Demonspawn Fighter began the quest for the
                  | Orb.
     0 | D        | Reached XP level 1. HP: 18/18 MP: 1/1
     2 | D        | Found a blossoming altar of Fedhas.
     2 | D        | Found the +6 Majin-Bo {vamp, MP+6 Int+6}
     2 | D        | Found the +9 heavy crossbow "Sniper" {vorpal, Acc+∞ SInv}
     2 | D        | Found the +10 dark maul {vorpal}
     2 | D        | Found the +15 Maxwell's patent armour {-Cast -Tele rElec
                  | Will+ rCorr}
     2 | D        | Found the +18 shield of the Gong {rElec rN+ Will+ EV-5}
     2 | D        | Found the +14 obsidian axe {vorpal, Mesm Drain Fly SInv}
     2 | D        | Found the +7 great mace "Firestarter" {inner flame, rF++}
     2 | D        | Found the +6 shillelagh "Devastator" {shatter}
     2 | D        | Found the +11 plutonium sword {Contam Stlth-}
     2 | D        | Found the +8 lance "Wyrmbane" {slay drac, rPois rF+ rC+
                  | AC+3}
     2 | D        | Found the +9 sword of Zonguldrok {reap}
     2 | D        | Found the +13 scythe of Curses {drain, Drain}
     2 | D        | Found the +5 sword of Power {vorpal}
     2 | D        | Found the +7 mace of Variability {chain chaos}
     2 | D        | Found the +7 Singing Sword {vorpal, sonic wave}
     2 | D        | Found the +8 storm bow {elec, penet}
     5 | D        | Found a shimmering blue altar of Sif Muna.
     5 | D        | Found a sacrificial altar of Ru.
     5 | D        | Found a bloodstained altar of Trog.
     5 | D        | Found a stormy altar of Qazlal.
     5 | D        | Found an iron altar of Okawaru.
     5 | D        | Found a sparkling altar of Nemelex Xobeh.
     7 | D        | Found a transporter.
     7 | D        | Found an ancient bone altar of Kikubaaqudgha.
     7 | D        | Found a viscous altar of Jiyva.
     7 | D        | Found a corrupted altar of Lugonu.
     7 | D        | Found a hazy altar of Hepliaklqana.
     7 | D        | Found a burning altar of Makhleb.
     7 | D        | Found an opulent altar of Gozag.
    80 | D        | Became a worshipper of Yredelemnul the Dark
    83 | D        | Gained mutation: You may rarely emit foul miasma when
                  | damaged in melee. [demonic ancestry]
    83 | D        | Reached XP level 2. HP: 26/26 MP: 2/2
    98 | D        | Entered arena 2.
    98 | D        | Noticed a draconian
    98 | D        | Noticed a draconian
    98 | D        | Found a transporter.
   107 | D        | Killed a draconian
   108 | D        | Reached skill level 5 in Axes
   108 | D        | Reached skill level 5 in Armour
   108 | D        | Reached skill level 5 in Dodging
   108 | D        | Reached skill level 5 in Shields
   108 | D        | Reached skill level 5 in Invocations
   108 | D        | Gained mutation: You are partially covered in slimy green
                  | scales. (AC +2) [demonic ancestry]
   108 | D        | Reached XP level 3. HP: 7/35 MP: 2/7
   108 | D        | Gained mutation: You have a pair of small antennae on your
                  | head. [demonic ancestry]
   108 | D        | Reached XP level 4. HP: 8/41 MP: 2/8
   108 | D        | Reached XP level 5. HP: 10/47 MP: 2/9
   108 | D        | Gained mutation: You sometimes gain a little power by
                  | taking damage. [demonic ancestry]
   108 | D        | Reached XP level 6. HP: 11/53 MP: 2/10
   110 | D        | Killed a draconian
   111 | D        | Reached skill level 7 in Invocations
   111 | D        | Reached skill level 5 in Evocations
   111 | D        | Gained mutation: You have a pair of antennae on your head.
                  | [demonic ancestry]
   111 | D        | Reached XP level 7. HP: 13/60 MP: 2/12
   344 | D        | Entered arena 3.
   344 | D        | Found a transporter.
   381 | D        | Entered arena 4.
   381 | D        | Found a transporter.
   392 | D        | Got the ring of the Country {Ice rN++ Str+2 Int-3 Stlth+}
   396 | D        | Entered arena 5.
   396 | D        | Noticed a jumping spider
   396 | D        | Found a transporter.
   399 | D        | Reached * piety under Yredelemnul
   401 | D        | Killed a jumping spider
   402 | D        | Reached ** piety under Yredelemnul
   402 | D        | Reached skill level 8 in Invocations
   402 | D        | Reached XP level 8. HP: 68/68 MP: 12/14
   406 | D        | Entered arena 6.
   406 | D        | Found a transporter.
   420 | D        | Entered arena 7.
   421 | D        | Found a transporter.
   425 | D        | Reached skill level 9 in Invocations
   443 | D        | Entered arena 8.
   443 | D        | Noticed a shining eye
   443 | D        | Noticed an eye of devastation
   443 | D        | Noticed a shining eye
   444 | D        | Found a transporter.
   445 | D        | Reached *** piety under Yredelemnul
   446 | D        | Reached XP level 9. HP: 75/75 MP: 14/16
   446 | D        | Killed an eye of devastation
   447 | D        | Reached **** piety under Yredelemnul
   449 | D        | Killed a shining eye
   449 | D        | Gained mutation: You are weak. (Str -2) [a shining eye]
   450 | D        | Reached ***** piety under Yredelemnul
   450 | D        | Reached skill level 10 in Invocations
   450 | D        | Killed a shining eye
   477 | D        | Entered arena 9.
   477 | D        | Noticed a deep elf archer
   477 | D        | Noticed a deep elf pyromancer
   477 | D        | Noticed a deep elf archer
   477 | D        | Noticed a deep elf pyromancer
   477 | D        | Noticed a deep elf knight
   478 | D        | Found a transporter.
   483 | D        | Killed a deep elf pyromancer
   483 | D        | Killed a deep elf knight
   484 | D        | Reached skill level 11 in Invocations
   484 | D        | Reached skill level 10 in Evocations
   484 | D        | Gained mutation: You have a pair of large antennae on your
                  | head. (SInv) [demonic ancestry]
   484 | D        | Reached XP level 10. HP: 85/85 MP: 16/18
   485 | D        | Killed a deep elf pyromancer
   486 | D        | Reached skill level 10 in Fighting
   487 | D        | Killed a deep elf archer
   488 | D        | Killed a deep elf archer
   494 | D        | Got the ring "Bewkut" {rC++ EV+4 Str-5 Stlth+}
   496 | D        | Got the +0 pair of boots of Nuucovvieb {rN+ Str+4 Int+4
                  | Dex-3}
   507 | D        | Entered arena 10.
   507 | D        | Noticed an eye of devastation
   507 | D        | Noticed a shining eye
   508 | D        | Found a transporter.
   508 | D        | Paralysed by a floating eye for 3 turns
   512 | D        | Gained mutation: You occasionally shout uncontrollably at
                  | your foes. [a shining eye]
   513 | D        | Reached skill level 12 in Invocations
   513 | D        | Gained mutation: Your magical capacity is low. (-10% MP) [a
                  | shining eye]
   517 | D        | Killed a shining eye
   517 | D        | Killed an eye of devastation
   520 | D        | Reached ****** piety under Yredelemnul
   533 | D        | Entered arena 11.
   533 | D        | Noticed a starcursed mass
   534 | D        | Found a transporter.
   548 | D        | Killed a starcursed mass
   549 | D        | Reached skill level 10 in Armour
   549 | D        | Reached skill level 10 in Shields
   549 | D        | Gained mutation: You sometimes emit foul miasma when
                  | damaged in melee. [demonic ancestry]
   549 | D        | Reached XP level 11. HP: 77/93 MP: 18/18
   575 | D        | Entered arena 12.
   575 | D        | Noticed a white ugly thing
   575 | D        | Noticed a red very ugly thing
   575 | D        | Noticed a white ugly thing
   575 | D        | Noticed a death drake
   575 | D        | Noticed a green very ugly thing
   576 | D        | Noticed a purple very ugly thing
   576 | D        | Noticed a shining eye
   576 | D        | a death drake changed into a dream sheep
   577 | D        | Found a transporter.
   577 | D        | a shining eye changed into an eye of devastation
   578 | D        | Noticed a deep troll
   578 | D        | an eye of devastation changed into a deep troll
   578 | D        | Noticed an orb spider
   578 | D        | a swamp worm changed into an orb spider
   581 | D        | Noticed a wolf spider
   581 | D        | an orb spider changed into a wolf spider
   583 | D        | a deep troll changed into an elephant
   583 | D        | a wolf spider changed into a merfolk
   584 | D        | Killed a cyan very ugly thing
   584 | D        | Killed a cyan ugly thing
   585 | D        | Reached skill level 10 in Axes
   585 | D        | Reached skill level 10 in Dodging
   585 | D        | Reached skill level 13 in Invocations
   585 | D        | Noticed a steelbarb worm
   585 | D        | a merfolk changed into a steelbarb worm
   586 | D        | Killed a purple ugly thing
   587 | D        | a steelbarb worm changed into a cyclops
   588 | D        | Killed a purple very ugly thing
   591 | D        | Noticed a shining eye
   591 | D        | a cyclops changed into a shining eye
   593 | D        | Noticed a two-headed ogre
   593 | D        | a shining eye changed into a two-headed ogre
   594 | D        | Killed a purple very ugly thing
   595 | D        | Reached skill level 14 in Invocations
   595 | D        | Killed a two-headed ogre
   674 | D        | Entered arena 13.
   674 | D        | Noticed a merfolk javelineer
   674 | D        | Noticed a merfolk javelineer
   674 | D        | Noticed a sea snake
   674 | D        | Noticed a merfolk aquamancer
   675 | D        | Noticed a merfolk impaler
   675 | D        | Noticed a merfolk javelineer
   675 | D        | Noticed a merfolk impaler
   676 | D        | Found a transporter.
   679 | D        | Killed a sea snake
   680 | D        | Killed a merfolk javelineer
   680 | D        | Killed a merfolk impaler
   680 | D        | Killed a merfolk javelineer
   681 | D        | Reached XP level 12. HP: 20/103 MP: 20/20
   681 | D        | Killed a merfolk impaler
   681 | D        | Killed a merfolk javelineer
   682 | D        | Reached skill level 15 in Invocations
   683 | D        | Killed a merfolk aquamancer
   684 | D        | Reached skill level 15 in Evocations
   796 | D        | Entered arena 14.
   798 | D        | Noticed a vampire knight
   798 | D        | Noticed a lich
   798 | D        | Noticed a ghoul
   799 | D        | Found a transporter.
   810 | D        | Killed a lich
   816 | D        | Killed a ghoul
   818 | D        | Killed a vampire knight
   824 | D        | Reached skill level 16 in Invocations
   833 | D        | Got the ring of Vunloodgh {MP+9 Slay+3}
   858 | D        | Entered arena 15.
   859 | D        | Noticed a great orb of eyes
   859 | D        | Noticed an acid blob
   860 | D        | Noticed a rockslime
   860 | D        | Noticed an acid blob
   861 | D        | Found a transporter.
   865 | D        | Killed a great orb of eyes
   865 | D        | Killed an acid blob
   865 | D        | Enslaved an acid blob
   867 | D        | Killed an acid blob
   869 | D        | Killed a rockslime
   934 | D        | Entered arena 16.
   935 | D        | Noticed a ghoul
   935 | D        | Noticed a shadow dragon
   935 | D        | Noticed a ghoul
   936 | D        | Noticed a shadow dragon
   941 | D        | Killed a ghoul
   943 | D        | Killed a ghoul
   944 | D        | Gained mutation: You frequently emit foul miasma when
                  | damaged in melee. [demonic ancestry]
   944 | D        | Reached XP level 13. HP: 101/113 MP: 22/22
   949 | D        | Killed a shadow dragon
   950 | D        | Reached skill level 17 in Invocations
   950 | D        | Killed a shadow dragon
   953 | D        | Reached skill level 15 in Dodging
   953 | D        | Found a transporter.
   980 | D        | Entered arena 17.
   983 | D        | Noticed a stone giant
   983 | D        | Noticed a shadow dragon
   984 | D        | Identified the +8 shortbow of the Morning {venom, Fly
                  | Str+4}
   985 | D        | Found a transporter.
   988 | D        | Reached skill level 15 in Fighting
   988 | D        | Reached skill level 18 in Invocations
   988 | D        | Killed a stone giant
   990 | D        | Killed a shadow dragon
  1202 | D        | Got the Catalogue of Putrescence and Coordinates
  1226 | D        | Entered arena 18.
  1229 | D        | Noticed a fire giant
  1229 | D        | Noticed a fire giant
  1229 | D        | Noticed a fire dragon
  1229 | D        | Noticed a fire dragon
  1229 | D        | Found the +4 moon troll leather armour {Spirit, Regen++
                  | MP+5}
  1231 | D        | Noticed a fire dragon
  1232 | D        | Noticed a fire giant
  1232 | D        | Found the +3 pair of mountain boots {steadfast, rC+}
  1232 | D        | Found the +5 robe of Misfortune {Harm *Corrode *Slow EV+5}
  1235 | D        | Killed a fire giant
  1235 | D        | Killed a fire giant
  1235 | D        | Killed a fire dragon
  1236 | D        | Killed a fire dragon
  1236 | D        | Killed a fire dragon
  1237 | D        | Reached skill level 19 in Invocations
  1237 | D        | Gained mutation: You sometimes gain power by taking damage.
                  | [demonic ancestry]
  1237 | D        | Reached XP level 14. HP: 79/126 MP: 24/24
  1239 | D        | Killed a fire giant
  1248 | D        | Found a transporter.
  1319 | D        | Entered arena 19.
  1322 | D        | Noticed a rockslime
  1322 | D        | Noticed a rockslime
  1322 | D        | Noticed a rockslime
  1322 | D        | Noticed a rockslime
  1323 | D        | Noticed a rockslime
  1323 | D        | Noticed a rockslime
  1323 | D        | Found the ring of the Tortoise {AC+8}
  1323 | D        | Found the +7 Spriggan's Knife {stab, EV+4 Stlth+}
  1324 | D        | Found a transporter.
  1331 | D        | Killed a rockslime
  1334 | D        | Killed a rockslime
  1335 | D        | Killed a rockslime
  1335 | D        | Killed a rockslime
  1336 | D        | Killed a rockslime
  1336 | D        | Killed a rockslime
  1337 | D        | Reached skill level 15 in Armour
  1337 | D        | Reached skill level 15 in Shields
  1359 | D        | Got the ring "Bit Nazo" {rF- rC+ Int+4 Dex+6}
  1412 | D        | Entered arena 20.
  1417 | D        | Noticed an azure jelly
  1417 | D        | Noticed a rockslime
  1418 | D        | Noticed a quicksilver ooze
  1418 | D        | Noticed an azure jelly
  1419 | D        | Found a transporter.
  1419 | D        | Paralysed by a floating eye for 2 turns
  1422 | D        | Killed a rockslime
  1423 | D        | Reached skill level 15 in Axes
  1423 | D        | Reached skill level 20 in Invocations
  1423 | D        | Killed a quicksilver ooze
  1423 | D        | Killed an azure jelly
  1423 | D        | Killed an azure jelly
  1509 | D        | Entered arena 21.
  1517 | D        | Found a transporter.
  1574 | D        | Got the amulet "Juit" {Acrobat Rampage rF- rC+}
  1587 | D        | Got the ring of Juarif {Wiz Int+2}
  1607 | D        | Entered arena 22.
  1611 | D        | Noticed a shard shrike
  1611 | D        | Noticed a titan
  1611 | D        | Noticed an Ice Fiend
  1611 | D        | Noticed an Ice Fiend
  1611 | D        | Noticed a shard shrike
  1611 | D        | Noticed a shard shrike
  1611 | D        | Noticed an Ice Fiend
  1611 | D        | Noticed a nargun
  1611 | D        | Noticed an Ice Fiend
  1611 | D        | Noticed a nargun
  1611 | D        | Noticed an Ice Fiend
  1612 | D        | Noticed a frost giant
  1612 | D        | Noticed an Ice Fiend
  1612 | D        | Noticed an Ice Fiend
  1612 | D        | Noticed a nargun
  1612 | D        | Noticed a nargun
  1612 | D        | Noticed an Ice Fiend
  1612 | D        | Noticed an Ice Fiend
  1613 | D        | Noticed a nargun
  1613 | D        | Paralysed by a wendigo for 1 turns
  1613 | D        | Noticed a nargun
  1613 | D        | Noticed a nargun
  1614 | D        | Demolished by a shard shrike

Illustrated notes

Levels and vault maps discovered:
D:        sprint_v [room_start, room_1, room_2, room_3, room_4, room_5, room_6,
          room_7, room_8, room_9, room_10, room_11, room_12, room_13, room_14,
          room_15, room_16, room_17, room_18, room_19, room_20, room_21,
          room_22, room_23, room_24, room_25, room_26, room_27]

Skill      XL: |  1  2  3  4  5  6  7  8  9 10 11 12 13 14 |
---------------+-------------------------------------------+-----
Fighting       | 4 6 7 8 9 11 12 14 16 19 | 19.2
Axes           | 3 5 6 7 8 9 11 12 14 15 | 15.5
Armour         | 4 5 6 7 9 10 11 12 14 15 | 15.6
Dodging        | 2 5 6 7 8 9 12 14 16 17 | 17.2
Shields        | 4 5 6 7 9 10 11 12 14 15 | 15.6
Invocations    | 5 7 8 9 11 12 14 16 19 20 | 20.7
Evocations     | 4 5 6 8 10 12 14 15 17 18 | 18.5

Action                   |  1- 3 |  4- 6 |  7- 9 | 10-12 | 13-15 || total
-------------------------+-------+-------+-------+-------+-------++-------
Melee: Broad axe         |     8 |     3 |    20 |    68 |    32 ||   131
Invok: Dark Bargain      |       |       |     1 |       |       ||     1
       Recall Undead Har |       |       |       |     5 |     1 ||     6
       Bind Soul         |       |       |       |     1 |       ||     1
Evoke: Condenser vane    |       |       |       |     2 |     6 ||     8
       Wand              |       |       |       |     1 |     6 ||     7
       Tin of tremorston |       |       |       |     1 |    11 ||    12
  Use: Potion            |     1 |       |       |     5 |     2 ||     8
 Stab: Distracted        |       |       |     1 |     2 |       ||     3
Armor: Plate armour      |     3 |     1 |    16 |    41 |    44 ||   105
Dodge: Dodged            |       |       |     3 |    13 |     7 ||    23
Block: Kite shield       |    19 |     1 |    35 |   104 |    68 ||   227
